 Dungeon Crawl Stone Soup version 0.31-a0-1338-gb567cfdca4 (webtiles) character file.

Game seed: 610468771850061617

320 pascalblue the Chiller (level 6, -1/32 HPs)
             Began as a Deep Elf Ice Elementalist on Dec 21, 2023.
             Slain by an ice beast (3 damage)
             ... on level 7 of the Dungeon.
             The game lasted 00:14:09 (3445 turns).

pascalblue the Chiller (Deep Elf Ice Elementalist)  Turns: 3445, Time: 00:14:09

Health: -1/32      AC:  9    Str:  5    XL:     6   Next: 22%
Magic:  9/16       EV: 12    Int: 22    God:
Gold:   191        SH:  0    Dex: 15    Spells: 2/16 levels left

rFire   . . .        k - +6 flail
rCold   . . .        (no shield)
rNeg    . . .        a - +0 robe
rPois   .            (no helmet)
rElec   .            (no cloak)
rCorr   .            (no gloves)
SInv    .            (no boots)
Will    .....        (no amulet)
Stlth   ++           (no ring)
HPRegen 0.25/turn    (no ring)
MPRegen 0.15/turn

%: no passive effects
@: ice-armoured
A: no striking features
a: no special abilities


You were on level 7 of the Dungeon.
You visited 1 branch of the dungeon, and saw 5 of its levels.

You collected 191 gold pieces.

Inventory:

Hand Weapons
 k - a +6 flail (weapon)
Armour
 a - a +0 robe (worn)
Wands
 p - a wand of flame (4)
Scrolls
 f - 2 scrolls of teleportation
Potions
 b - a potion of magic
 c - 2 potions of lignification
 d - a potion of mutation {unknown}
 e - a potion of enlightenment {unknown}
 i - a potion of degeneration {unknown}
 j - a potion of brilliance {unknown}
 m - a potion of berserk rage


   Skills:
 - Level 2.4 Dodging
 - Level 2.4 Stealth
 + Level 5.6 Spellcasting
 + Level 2.1 Summonings
 + Level 0.8 Translocations
 + Level 0.9 Fire Magic
 * Level 6.5 Ice Magic


You had 2 spell levels left.
You knew the following spells:

 Your Spells              Type           Power      Damage    Failure   Level
a - Freeze                Ice            100%       1d10      1%          1
b - Frozen Ramparts       Ice            70%        1d11      1%          3
c - Summon Ice Beast      Ice/Summ       25%        N/A       16%         4
d - Ozocubu's Armour      Ice            35%        N/A       1%          3
e - Volatile Blastmotes   Fire/Tloc      20%        2d11      21%         3

Your spell library contained the following spells:

 Spells                   Type           Power      Damage    Failure   Level
 Dazzling Flash           Conj/Hex       12%        N/A       28%         3
 Stone Arrow              Conj/Erth      12%        3d7       28%         3
 Animate Armour           Summ/Erth      20%        N/A       52%         4
 Starburst                Conj/Fire      4%         6d3       100%        6
 Lehudib's Crystal Spear  Conj/Erth      3%         10d2      100%        8
 Maxwell's Capacitive Co  Air            3%         ∞         100%        8


Dungeon Overview and Level Annotations

Branches:
Dungeon (4/15)
 Temple: D:4-7

Altars:
Trog


Message History

The wall freezes the gnoll! x2
You kill the gnoll!
Your Summonings skill increases to level 2!
You have reached level 6!
Aiming: Throw Flame
Press: ? - help, Shift-Dir - straight line The puff of flame hits the gnoll.
You kill the gnoll!
Aiming: Throw Flame
Press: ? - help, Shift-Dir - straight line The puff of flame hits the ice beast.
The ice beast melts!
The ice beast is moderately wounded.
The ice beast completely resists.
The wall freezes the ice beast but does no damage.
Hit: k) +6 flail
Press: ? - help, Dir - move target, f - you
Okay, then.
Aiming: Throw Flame
Press: ? - help, Shift-Dir - straight line The puff of flame hits the ice beast.
The ice beast melts!
The ice beast is heavily wounded.
The ice beast completely resists.
The wall freezes the ice beast but does no damage.
Aiming: Throw Flame
Press: ? - help, Shift-Dir - straight line The puff of flame hits the ice beast.
The ice beast melts!
The ice beast is severely wounded.
The frozen ramparts melt away.
The ice beast hits you. The ice beast freezes you!
Aiming: Throw Flame
Press: ? - help, Shift-Dir - straight line The puff of flame misses the ice beast.
The ice beast hits you. The ice beast freezes you!
* * * LOW HITPOINT WARNING * * *
Aiming: Throw Flame
Press: ? - help, Shift-Dir - straight line The puff of flame hits the ice beast but does no damage.
The ice beast is severely wounded.
The ice beast hits you.
You die...

#### #... ..g
#####.#### #<.
#.@Y))...# #..
#.###.##.. ..###..
#.# #...... #.# #...
#.# #### #.# # #.#
######### #
##############.#
#.......# #
##(.............####
#.......#


You could see an ice beast.

Vanquished Creatures
  A gnoll sergeant (D:7)
  An iguana (D:4)
  Robin (D:2)
  10 gnolls
  4 adders
  2 ufetubi (D:7)
  2 worms
  A dart slug (D:2)
  4 orcs (D:3)
  6 bats
  8 endoplasms
  4 giant cockroaches
  11 goblins
  9 hobgoblins
  2 quokkas (D:3)
  3 ball pythons
  3 frilled lizards
  5 rats
77 creatures vanquished.

Notes
Turn   | Place    | Note
-------+----------+-------------------------------------------
     0 | D:1      | pascalblue the Deep Elf Ice Elementalist began the quest
                  | for the Orb.
     0 | D:1      | Reached XP level 1. HP: 10/10 MP: 6/6
   242 | D:1      | Reached XP level 2. HP: 14/15 MP: 4/8
   428 | D:1      | Found a faded altar of an unknown god.
  1146 | D:2      | Found the +8 whip "Snakebite" {venom, curare, rPois}
  1345 | D:2      | Reached XP level 3. HP: 17/19 MP: 8/10
  1361 | D:2      | Reached skill level 5 in Ice Magic
  1448 | D:2      | Noticed Robin
  1488 | D:2      | Learned a level 3 spell: Frozen Ramparts
  1778 | D:2      | Killed Robin
  1904 | D:3      | Reached XP level 4. HP: 24/24 MP: 12/12
  1931 | D:3      | Learned a level 4 spell: Summon Ice Beast
  2091 | D:3      | Identified the +0 leather armour of the Eternal Void {Fly
                  | rElec rPois Str+2}
  2232 | D:3      | Reached skill level 5 in Spellcasting
  2232 | D:3      | Reached skill level 1 in Summonings
  2494 | D:3      | Reached XP level 5. HP: 6/28 MP: 10/14
  2496 | D:3      | Reached skill level 6 in Ice Magic
  2611 | D:3      | Learned a level 3 spell: Ozocubu's Armour
  3164 | D:4      | Learned a level 3 spell: Volatile Blastmotes
  3198 | D:4      | You fall into a shaft and drop 3 floors!
  3199 | D:7      | Found a bloodstained altar of Trog.
  3199 | D:7      | Noticed a hornet
  3213 | D:7      | Noticed an ice beast
  3292 | D:7      | Noticed an ice beast
  3321 | D:7      | Noticed a water moccasin
  3440 | D:7      | Reached XP level 6. HP: 31/32 MP: 8/16
  3445 | D:7      | Slain by an ice beast

Illustrated notes

Levels and vault maps discovered:
D:1:      roadster_arrival_rocket_small, layout_loops_cross,
          hellmonk_ecumenical_altar_slurped_away
D:2:      layout_loops_ring, nicolae_the_louvre, uniq_robin
D:3:      layout_basic
D:4:      layout_cave_pods, uniq_natasha
D:7:      layout_loops_cross, mainiacjoe_overflow_brackets

Skill      XL: |  1  2  3  4  5 |
---------------+----------------+-----
Spellcasting   | 4 5 |  5.6
Ice Magic      | 5 6 |  6.5
Summonings     | 1 2 |  2.1
Dodging        | |  2.4
Stealth        | |  2.4
Translocations | |  0.8
Fire Magic     | |  0.9

Action                     |  1- 3 |  4- 6 || total
---------------------------+-------+-------++-------
  Melee: Unarmed           |     4 |       ||     4
         Flail             |    35 |    55 ||    90
         Punch             |       |     1 ||     1
   Cast: Freeze            |    30 |     3 ||    33
         Frozen Ramparts   |     1 |     5 ||     6
         Ozocubu's Armour  |       |     2 ||     2
  Evoke: Wand              |       |    10 ||    10
    Use: Scroll            |       |    14 ||    14
         Potion            |       |     1 ||     1
   Stab: Sleeping          |     2 |     1 ||     3
 Armour: Robe              |    27 |    46 ||    73
         Skin              |       |     3 ||     3
  Dodge: Dodged            |    49 |    45 ||    94

Table legend: (Time is in decaauts)
 A = Elapsed time spent in this place.
 B = Non-inter-level travel time spent in this place.
 C = Inter-level travel time spent in this place.
 D = Time resting spent in this place.
 E = Time spent auto-exploring this place.
 F = Levels seen in this place.
 G = Mean time per level.
                   A        B        C        D        E       F      G
               +--------+--------+--------+--------+--------+-----+--------+
         Total |   3479 |   3423 |     56 |    376 |   2007 |   5 |  695.8 |
       Dungeon |   3479 |   3423 |     56 |    376 |   2007 |   5 |  695.8 |
               +--------+--------+--------+--------+--------+-----+--------+

Top non-repeatable levels by time:
     D:3: 1039 daAuts
     D:2: 991 daAuts
     D:1: 852 daAuts
     D:4: 347 daAuts
     D:7: 248 daAuts
